 Dungeon Crawl Stone Soup version 0.24.0-125-gc4c63601f3 (webtiles) character file.

Game seed: 6373045081043200099, levelgen mode: deterministic

12566 Frank2 the Basher (level 11, -24/80 (84) HPs)
             Began as a Demonspawn Gladiator on Mar 5, 2020.
             Was an Initiate of Ru.
             Annihilated by a tentacled starspawn (27 damage)
             ... on level 2 of the Abyss.
             The game lasted 00:25:58 (10349 turns).

Frank2 the Basher (Demonspawn Gladiator)           Turns: 10349, Time: 00:25:59

HP:   -24/80 (84)   AC:  9    Str:  7 (10) XL:     11   Next: 64%
MP:   0/29          EV: 12    Int:  9 (11) God:    Ru [......]
Gold: 604           SH:  0    Dex: 12 (13) Spells: 10/10 levels left

rFire    + . .     SeeInvis .   o - +2 flail (crush)
rCold    + . .     Gourm    .   (no shield)
rNeg     . . .     Faith    .   j - +1 scale mail {rC+}
rPois    +         Spirit   +   n - +0 Maxwell's etheric cage {RegenMP+ *Contam rElec MP+4}
rElec    +         Reflect  .   (no cloak)
rCorr    .         Harm     .   (gloves unavailable)
MR       .....                  k - +1 pair of boots
Stlth    ..........             e - amulet of guardian spirit
HPRegen  0.00/turn              w - ring of magical power MPRegen 0.71/turn*
                                p - ring of poison resistance

@: lethally poisoned (-24 -> -34), non-regenerating, diseased, slowed, very slow
A: claws 3, repulsion field 2, [blurry vision 3], [clumsy 2], [deformed body],
demonic guardian 1, fire resistance 1, [weak 2], [no potion heal 2], no stealth
a: Renounce Religion


You were on level 2 of the Abyss.
You worshipped Ru.
Ru was noncommittal.
You were very hungry.

You visited 1 branch of the dungeon, and saw 11 of its levels.
You visited the Abyss 1 time.

You collected 604 gold pieces.

Inventory:

Hand Weapons
 l - a +0 dire flail of draining
 o - a +2 flail of crushing (weapon)
Missiles
 E - a throwing net (quivered)
Armour
 j - a +1 scale mail of cold resistance (worn)
 k - a +1 pair of boots (worn)
 n - the +0 Maxwell's etheric cage (worn) {RegenMP+ *Contam rElec MP+4}
   (You took it off Robin on level 2 of the Dungeon)

   It insulates you from electricity.
   It affects your magic capacity (+4).
   It causes magical contamination when unequipped.
Jewellery
 d - an uncursed ring of protection from cold
 e - an amulet of guardian spirit (around neck)
 p - a ring of poison resistance (right claw)
 v - an uncursed ring of resist corrosion
 w - a ring of magical power (left claw)
 x - an uncursed ring of ice
Wands
 h - a wand of enslavement (5)
 m - a wand of acid (11)
 r - a wand of disintegration (12)
 t - a wand of flame (35)
 B - a wand of iceblast (8)
 H - a wand of polymorph (11)
Scrolls
 a - 4 scrolls of identify
 u - a scroll of blinking
 y - 5 scrolls of remove curse
 D - a scroll of vulnerability {unknown}
 F - a scroll of silence {unknown}
Potions
 b - 3 potions of flight
 c - a potion of berserk rage
 g - a potion of curing
 i - 2 potions of agility
 q - a potion of resistance
 s - 3 potions of might
 z - 3 potions of degeneration
Comestibles
 f - 25 rations


   Skills:
 + Level 7.6 Fighting
 + Level 11.4 Maces & Flails
 - Level 1.7 Throwing
 + Level 6.9 Armour
 + Level 6.1 Dodging
 * Level 7.6 Evocations


You had 10 spell levels left.
You didn't know any spells.
Your spell library contained the following spells:

 Spells                   Type           Power        Failure   Level  Hunger
 Beastly Appendage        Tmut           #.....       98%         1    ##.....
 Confusing Touch          Hex            #.....       98%         1    ##.....
 Flame Tongue             Conj/Fire      #....        98%         1    ##.....
 Magic Dart               Conj           #...         98%         1    ##.....
 Sting                    Conj/Pois      #...         98%         1    ##.....
 Poisonous Vapours        Pois/Air       #.....       99%         2    ###....
 Searing Ray              Conj           #.....       99%         2    ###....
 Sticks to Snakes         Tmut           #.......     99%         2    ###....
 Throw Flame              Conj/Fire      #.....       99%         2    ###....
 Confuse                  Hex            #.......     100%        3    ####...
 Conjure Flame            Conj/Fire      #.......     100%        3    ####...
 Dazzling Spray           Conj/Hex       #.....       100%        3    ####...
 Gell's Gravitas          Tloc           #.........   100%        3    ####...
 Inner Flame              Hex/Fire       #.......     100%        3    ####...
 Mephitic Cloud           Conj/Pois/Air  #.......     100%        3    ####...
 Spider Form              Tmut/Pois      #.........   100%        3    ####...
 Force Lance              Conj/Tloc      #.......     100%        4    #####..
 Fulminant Prism          Conj/Hex       #.........   100%        4    #####..
 Ice Form                 Ice/Tmut       #.......     100%        4    #####..
 Iskenderun's Mystic Bla  Conj           #.......     100%        4    #####..
 Olgreb's Toxic Radiance  Pois           #.......     100%        4    #####..
 Petrify                  Tmut/Erth      #.......     100%        4    #####..
 Sticky Flame             Conj/Fire      #.......     100%        4    #####..
 Blade Hands              Tmut           #.........   100%        5    ######.
 Fireball                 Conj/Fire      #.........   100%        5    ######.
 Metabolic Englaciation   Hex/Ice        #.........   100%        5    ######.
 Venom Bolt               Conj/Pois      #.........   100%        5    ######.
 Yara's Violent Unravell  Hex/Tmut       #.........   100%        5    ######.


Dungeon Overview and Level Annotations

Branches:
Dungeon (11/15)            Temple (0/1) D:7            Lair (0/6) D:9
    Orc: D:9-12

Altars:
Dithmenos
Hepliaklqana
Kikubaaqudgha
Makhleb
Ru
Uskayaw
Vehumet
Wu Jian
Xom
The Shining One

Shops:
D:8 }

Annotations:
D:7 exclusion: statue


Innate Abilities, Weirdness & Mutations

You have claws for hands.
You are surrounded by a moderate repulsion field. (EV +3)
A weak demonic guardian rushes to your aid.
Your flesh is heat resistant. (rF+)
You cannot be stealthy.
[Scrolls take you much longer to read.]
[You are very clumsy. (Dex -4)]
[Armour fits poorly on your strangely shaped body.]
[You are very weak. (Str -4)]
[Potions are poor at restoring your health.]


Message History

The tentacled starspawn engulfs you!
* * * LOW HITPOINT WARNING * * *
Your ufetubus hits the thrashing horror but does no damage. x2
You begin reading the scroll.
You continue reading the scroll.
* * * LOW HITPOINT WARNING * * *
You feel sick. The thrashing horror tramples you!
* * * LOW HITPOINT WARNING * * *
You hold your ground!
The thrashing horror barely misses you. The thrashing horror tramples you.
* * * LOW HITPOINT WARNING * * *
You hold your ground!
The thrashing horror tramples you.
* * * LOW HITPOINT WARNING * * *
You hold your ground!
The thrashing horror tramples your white imp!
Your white imp is shoved backwards!
Your white imp dies!
The ufetubus hits your ufetubus.
The ufetubus closely misses your ufetubus.
The death drake barely misses you. The tentacled starspawn bites you!!
You die...

... . .
...........3...... #..
.#. ...#.....# .. .
#(. #...## ...## . #
##.# ##.## ##.# ##3
##...###...###..
###...
.#.....#..3..#.....#..
.. ........5*X.......
. .....
.#.....#k5X..#.....
.....#
##...###@..###... ##.#
##.## #.# #.. ...# ..
#.. ...# ... ..... #..
##...# #.## ..


You could see a tentacled starspawn, a death drake, a wretched star, a thrashing
horror, a neqoxec, an ufetubus and a friendly ufetubus.

Vanquished Creatures
  Fannar (D:11)
  A two-headed ogre (D:10)
  Pikel (D:9)
  A cyclops (D:10)
  3 centaur skeletons
  Maurice (D:10)
  A kobold demonologist (D:11)
  A troll (D:10)
  2 hornets
  2 hippogriffs
  Sigmund (D:5)
  5 yaks (D:7)
  2 wyverns (D:10)
  2 hungry ghosts
  Edmund (D:6)
  A water moccasin (D:9)
  4 porcupines (D:9)
  A slave (D:9)
  3 ice beasts
  3 black bears
  A sky beast (D:7)
  A necrophage (D:10)
  2 orc warriors
  3 ogres
  A phantom (D:5)
  3 centaurs
  A crocodile (D:10)
  2 big kobolds
  10 bullfrogs
  A water moccasin zombie (D:10)
  A wyvern skeleton (D:11)
  2 scorpions
  6 killer bees
  9 wights (D:10)
  2 howler monkeys (D:7)
  3 centaur zombies
  3 crimson imps
  A quasit (D:8)
  4 hounds
  2 jellies
  14 orc wizards
  6 orc priests
  Jessica (D:2)
  2 bullfrog skeletons (D:5)
  Terence (D:2)
  3 iguanas
  4 worker ants
  2 killer bee zombies (D:6)
  2 hound zombies (D:7)
  3 hound skeletons
  A worker ant zombie (D:8)
  Robin (D:2)
  5 gnolls
  11 adders
  A howler monkey skeleton (D:9)
  A shadow imp (D:11)
  An ooze (D:1)
  2 worms (D:4)
  A dart slug (D:4)
  7 leopard geckos
  41 orcs
  6 giant cockroaches
  17 goblins
  10 hobgoblins
  13 jackals
  A quokka (D:7)
  2 ball pythons
  16 bats
  5 frilled lizards
  10 kobolds
  A leopard gecko skeleton (D:4)
  A leopard gecko zombie (D:8)
  4 rats
291 creatures vanquished.

Vanquished Creatures (collateral kills)
  A two-headed ogre (D:10)
  A cyclops (D:11)
  An orc warrior (D:8)
  2 phantoms
  A big kobold (D:7)
  A wight (D:10)
  2 orc wizards
  2 worker ants
  3 gnolls (D:3)
  A shadow imp (D:11)
  9 orcs
  A goblin (D:3)
  A frilled lizard (D:3)
  2 kobolds (D:7)
28 creatures vanquished.

Vanquished Creatures (others)
  A centaur warrior (D:11)
  A hound (D:11)
  A worker ant (D:9)
  14 fungi (D:9)
  2 plants (D:9)
  3 starspawn tentacles (Abyss:2)
22 creatures vanquished.

Grand Total: 341 creatures vanquished

Notes
Turn   | Place    | Note
-------+----------+-------------------------------------------
     0 | D:1      | Frank2 the Demonspawn Gladiator began the quest for the
                  | Orb.
     0 | D:1      | Reached XP level 1. HP: 16/16 MP: 1/1
     6 | D:1      | Noticed a wyvern
     6 | D:1      | Noticed a polar bear
     6 | D:1      | Noticed a salamander
     7 | D:1      | Noticed an iguana
    99 | D:1      | Reached skill level 3 in Maces & Flails
    99 | D:1      | Gained mutation: You have sharp fingernails. [demonic
                  | ancestry]
    99 | D:1      | Reached XP level 2. HP: 15/22 MP: 2/2
   722 | D:1      | Gained mutation: You are surrounded by a mild repulsion
                  | field. (EV +2) [demonic ancestry]
   722 | D:1      | Reached XP level 3. HP: 16/27 MP: 3/3
   982 | D:2      | Noticed Robin
   996 | D:2      | Killed Robin
  1005 | D:2      | Found a glowing golden altar of the Shining One.
  1020 | D:2      | Reached skill level 1 in Armour
  1275 | D:2      | Gained mutation: A weak demonic guardian rushes to your
                  | aid. [demonic ancestry]
  1275 | D:2      | Reached XP level 4. HP: 33/33 MP: 4/4
  1320 | D:2      | Noticed Jessica
  1326 | D:2      | Killed Jessica
  1326 | D:2      | Reached skill level 4 in Maces & Flails
  1421 | D:2      | Noticed Terence
  1434 | D:2      | Killed Terence
  1434 | D:2      | Gained mutation: Your flesh is heat resistant. (rF+)
                  | [demonic ancestry]
  1434 | D:2      | Reached XP level 5. HP: 37/39 MP: 5/5
  1450 | D:2      | Found a burning altar of Makhleb.
  2054 | D:3      | HP: 1/39 [poisoned by an orc wizard]
  2660 | D:3      | Gained mutation: You are surrounded by a moderate repulsion
                  | field. (EV +3) [demonic ancestry]
  2660 | D:3      | Reached XP level 6. HP: 26/46 MP: 6/6
  2680 | D:3      | Reached skill level 5 in Maces & Flails
  3565 | D:4      | Reached XP level 7. HP: 48/52 MP: 7/7
  3649 | D:4      | Reached skill level 6 in Maces & Flails
  3689 | D:4      | Found an ancient bone altar of Kikubaaqudgha.
  3725 | D:4      | Found a sacrificial altar of Ru.
  3732 | D:4      | Found a hide-covered altar of Uskayaw.
  3733 | D:4      | Found a shimmering altar of Xom.
  3737 | D:4      | Became a worshipper of Ru the Awakened
  3744 | D:4      | Found an ornate altar of the Wu Jian Council.
  3745 | D:4      | Found a shadowy altar of Dithmenos.
  4228 | D:5      | Entered Level 5 of the Dungeon
  4292 | D:5      | Found a hide-covered altar of Uskayaw.
  4557 | D:5      | Noticed Sigmund
  4569 | D:5      | Killed Sigmund
  4569 | D:5      | Reached XP level 8. HP: 52/60 MP: 8/8
  4759 | D:6      | Reached skill level 1 in Evocations
  4880 | D:6      | Reached skill level 7 in Maces & Flails
  5125 | D:6      | Noticed Edmund
  5142 | D:6      | Killed Edmund
  5382 | D:7      | Reached skill level 8 in Maces & Flails
  5382 | D:7      | Reached XP level 9. HP: 29/66 MP: 11/11
  5630 | D:7      | Found a radiant altar of Vehumet.
  5773 | D:7      | Found a staircase to the Ecumenical Temple.
  6018 | D:7      | Reached skill level 5 in Fighting
  6540 | D:8      | Found Toretisu's Gadget Emporium.
  6908 | D:8      | Reached skill level 9 in Maces & Flails
  6985 | D:9      | Reached skill level 5 in Armour
  6985 | D:9      | Reached skill level 5 in Dodging
  7075 | D:9      | Reached skill level 5 in Evocations
  7087 | D:9      | Found a staircase to the Lair.
  7092 | D:9      | Gained mutation: You have very sharp fingernails. [demonic
                  | ancestry]
  7092 | D:9      | Reached XP level 10. HP: 54/76 MP: 13/13
  7281 | D:9      | Noticed Pikel
  7312 | D:9      | Killed Pikel
  7598 | D:9      | Reached skill level 10 in Maces & Flails
  7909 | D:9      | Found a hazy altar of Hepliaklqana.
  8018 | D:10     | Entered Level 10 of the Dungeon
  8074 | D:10     | Noticed a two-headed ogre
  8084 | D:10     | Killed a two-headed ogre
  8290 | D:10     | Noticed a two-headed ogre
  8298 | D:10     | Killed a two-headed ogre
  8350 | D:10     | Noticed Maurice
  8365 | D:10     | Gained mutation: You have claws for hands. [demonic
                  | ancestry]
  8365 | D:10     | Reached XP level 11. HP: 66/83 MP: 15/15
  8382 | D:10     | Killed Maurice
  8852 | D:10     | Reached skill level 11 in Maces & Flails
  8853 | D:10     | You fall into a shaft and drop 1 floor!
  9375 | D:10     | Gained mutation: You cannot be stealthy. [Ru sacrifice]
  9612 | D:11     | Noticed Fannar
  9649 | D:11     | Killed Fannar
  9728 | D:11     | Noticed a centaur warrior
 10236 | D:11     | Identified the amulet "Zaqioss" {*Slow rPois rF+ Regen+
                  | Slay+2}
 10236 | D:11     | Noticed an ogre mage
 10242 | D:11     | Cast into level 2 of the Abyss (ogre mage)
 10242 | Abyss:2  | Found a corrupted altar of Lugonu.
 10247 | Abyss:2  | Found a corrupted altar of Lugonu.
 10297 | Abyss:2  | Noticed a starcursed mass
 10324 | Abyss:2  | Found a corrupted altar of Lugonu.
 10329 | Abyss:2  | Noticed a wretched star
 10330 | Abyss:2  | Noticed a tentacled starspawn
 10337 | Abyss:2  | Noticed a death drake
 10344 | Abyss:2  | Noticed a thrashing horror
 10349 | Abyss:2  | HP: 3/80 [thrashing horror (3)]
 10349 | Abyss:2  | Annihilated by a tentacled starspawn

Levels and vault maps discovered:
D:1:      onia_arrival_zoo_common, layout_loops_corners
D:2:      layout_basic, lemuel_round_altar, bloody_makhleb, uniq_jessica,
          uniq_robin, uniq_terence
D:3:      layout_loops_ring
D:4:      layout_gridville, kennysheep_mini, minitemple, first_ration
D:5:      layout_cave_pools, basic_altar, kennysheep_crisscross, uniq_sigmund
D:6:      layout_basic, uniq_edmund
D:7:      layout_loops_cross, vehumet_statue, minmay_temple_entry_statues
D:8:      layout_basic, serial_shops, shop
D:9:      layout_roguey, lemuel_coloured_pillars_altar,
          due_lair_maze_entry_diamond, enter_bailey_2, blue_anna_alchemist
          [blue_anna_fruit_fields, blue_anna_fruit_fields], billiards_dpeg,
          uniq_pikel
D:10:     layout_irregular_city, uniq_maurice
D:11:     minmay_the_grid_triangle_9x9_rhombus_thin_mashed
          [minmay_the_grid_triangle_9x9_odd_lines,
          minmay_the_grid_triangle_9x9_prize_special,
          minmay_the_grid_triangle_9x9_thin_v,
          minmay_the_grid_triangle_9x9_steps], layout_loops_ring, uniq_fannar,
          uniq_sonja
Abyss:2:  base: D:10, evilmike_abyss_exit_7

Skill      XL: |  1  2  3  4  5  6  7  8  9 10 11 |
---------------+----------------------------------+-----
Maces & Flails | 3 4 5 6 8 9 10 11 | 11.4
Dodging        | 3 4 5 6 |  6.1
Armour         | 1 2 3 4 5 6 |  6.9
Fighting       | 3 4 5 6 7 |  7.6
Evocations     | 3 5 6 7 |  7.6
Throwing       | |  1.7

Action                   |  1- 3 |  4- 6 |  7- 9 | 10-12 || total
-------------------------+-------+-------+-------+-------++-------
Melee: Flail             |   157 |   266 |   474 |   367 ||  1264
       Unarmed           |       |       |       |    20 ||    20
       Mace              |       |       |       |   115 ||   115
Throw: Throwing net      |       |       |     3 |     3 ||     6
Invok: Reject Sacrifices |       |       |     1 |       ||     1
       Sacrifice Stealth |       |       |       |     1 ||     1
Evoke: Wand              |       |       |     1 |    12 ||    13
  Use: Scroll            |       |     8 |    12 |     2 ||    22
       Potion            |       |     1 |     2 |     3 ||     6
 Stab: Distracted        |       |     1 |     3 |     4 ||     8
       Held in net/web   |       |       |     2 |     1 ||     3
       Invisible         |       |       |       |     2 ||     2
  Eat: Chunk             |     1 |     4 |    12 |    10 ||    27
       Ration            |       |     1 |     1 |     1 ||     3
Armor: Leather armour    |    36 |       |       |       ||    36
       Ring mail         |    20 |    71 |       |       ||    91
       Scale mail        |       |    23 |   184 |   142 ||   349
       Skin              |       |       |       |     1 ||     1
Dodge: Dodged            |   177 |   233 |   351 |   411 ||  1172
